 Dungeon Crawl Stone Soup version 0.29-a0-356-g7bc237e783 (webtiles) character file.

Game seed: 17857857394415029101

51 spaghetti the Magician (level 3, -1/28 HPs)
             Began as a Gnoll Wanderer on Apr 25, 2022.
             Slain by a nameless horror (2 damage)
             ... created by miscasting Call Canine Familiar
             ... on level 2 of the Dungeon.
             The game lasted 00:02:20 (1400 turns).

spaghetti the Magician (Gnoll Wanderer)             Turns: 1400, Time: 00:02:21

Health: -1/28      AC:  2    Str: 11    XL:     3   Next: 81%
Magic:  2/9        EV: 12    Int: 13    God:
Gold:   58         SH:  0    Dex: 11    Spells: 9/12 levels left

rFire   . . .      SeeInvis .   a - +0 war axe {axe}
rCold   . . .      Faith    .   (no shield)
rNeg    . . .      Spirit   .   f - +0 robe
rPois   .          Reflect  .   (no helmet)
rElec   .          Harm     .   (no cloak)
rCorr   +          Rampage  .   (no gloves)
Will    .....                   (no boots)
Stlth   ++........              (no amulet)
HPRegen 0.09/turn               n - ring of resist corrosion
MPRegen 0.11/turn               (no ring)

@: brilliant, very slightly contaminated, invisible
A: fangs 1, strong nose, distributed training
a: no special abilities


You were on level 2 of the Dungeon.
You visited 1 branch of the dungeon, and saw 2 of its levels.

You collected 58 gold pieces.


Innate Abilities, Weirdness & Mutations

You have very sharp teeth.
Your uncanny sense of smell can sniff out nearby items.
Your experience applies equally to all skills.


   Skills:
 + Level 2.6 Fighting
 + Level 1.0 Short Blades
 + Level 1.0 Long Blades
 + Level 4.6 Axes
 + Level 1.0 Maces & Flails
 + Level 1.0 Polearms
 + Level 1.0 Staves
 + Level 2.6 Slings
 + Level 1.0 Bows
 + Level 1.0 Crossbows
 + Level 4.6 Throwing
 + Level 1.0 Armour
 + Level 2.6 Dodging
 + Level 2.4 Stealth
 + Level 1.0 Shields
 + Level 1.0 Unarmed Combat
 + Level 5.0 Spellcasting
 + Level 0.7 Conjurations
 + Level 0.7 Hexes
 + Level 0.7 Summonings
 + Level 0.7 Necromancy
 + Level 0.7 Translocations
 + Level 0.7 Transmutations
 + Level 0.7 Fire Magic
 + Level 0.7 Ice Magic
 + Level 0.7 Air Magic
 + Level 0.7 Earth Magic
 + Level 0.7 Poison Magic
 + Level 1.0 Invocations
 + Level 1.0 Evocations


You had 9 spell levels left.
You knew the following spells:

 Your Spells              Type           Power      Damage    Failure   Level
a - Call Canine Familiar  Summ           7%         N/A       38%         3

Your spell library contained the following spells:

 Spells                   Type           Power      Damage    Failure   Level
 Portal Projectile        Hex/Tloc       14%        N/A       38%         3
 Leda's Liquefaction      Hex/Erth       3%         N/A       80%         4

Inventory:

Hand Weapons
 a - a +0 war axe (weapon) {axe}
 b - a +0 hunting sling {sling}
 d - a +0 dagger {short}
Missiles
 g - 50 stones (quivered) {throwing}
 i - 4 boomerangs {throwing}
Armour
 f - a +0 robe (worn)
 o - a +0 helmet
   (You found it on level 1 of the Dungeon)
Jewellery
 n - a ring of resist corrosion (left hand)
   (You found it on level 1 of the Dungeon)
 r - a ring of fire
   (You found it on level 2 of the Dungeon)
Scrolls
 h - a scroll of teleportation {unknown}
 j - a scroll of immolation {unknown}
 m - a scroll of brand weapon {unknown}
 p - a scroll of magic mapping {unknown}

Dungeon Overview and Level Annotations

Branches:
Dungeon (2/15)

Altars:

.# #.# #.#..# #.#
... #.#..####.# ∆
#.#....##.#
###..#.#.##.#####
...............#
#...#..##.###.####
#.h.#.S#..........
∆
#...#hh#..###.####
#..h@X)...#
##..#gg#.##
......SS..#
###.#.....((..
#<#.#..##### #
#.#... #.#.###
.!..#


You could see a nameless horror (ally target), an adder (can't see you, ally
target), a hobgoblin (can't see you, ally target), a goblin (can't see you), a
friendly adder (summoned), 4 friendly jackals and a friendly ball python
(summoned).


Message History

You miss the goblin. You slash the goblin!
You kill the goblin!
The goblin barely misses you.
The hobgoblin hits you but does no damage.
A goblin comes into view. It is wielding a +0 club.
You catch the helpless hobgoblin completely off-guard!
You slash the hobgoblin!
You kill the hobgoblin!
You barely miss the goblin. The goblin hits you with a +0 club.
* * * LOW HITPOINT WARNING * * *
An adder comes into view.
The goblin barely misses you. The goblin closely misses you. 😨 HP[-4]
You take 4 damage, and now have 9/28 hp.
You barely miss the goblin.
The adder hisses angrily.
You hit the goblin.
You kill the goblin!
You hit the goblin.
You kill the goblin!
You hear a shout!
The goblin hits you with a +0 dagger.
* * * LOW HITPOINT WARNING * * *
😱 HP[-4]
You take 4 damage, and now have 5/28 hp.
You slash the goblin!
You kill the goblin!
You hit the hobgoblin but do no damage. The hobgoblin barely misses you.
The adder hisses angrily.
You hit the hobgoblin.
You bite the hobgoblin, but do no damage.
You hear a shout!
A goblin comes into view. It is wielding a +0 dagger.
You aren't carrying any items that you can evoke.
You feel better. 😨 HP[+7]
You regained 7 hp, and now have 12/28 hp.
You closely miss the goblin. You bite the goblin.
The goblin closely misses you. The goblin hits you with a +0 club.
* * * LOW HITPOINT WARNING * * *
😨 HP[-2]
You take 2 damage, and now have 10/28 hp.
You closely miss the goblin. The goblin barely misses you.
You barely miss the goblin. You hit the adder. You hit the goblin.
You kill the goblin!
The adder closely misses you.
You miss the adder.
You catch the helpless goblin completely off-guard!
You hit the goblin.
You kill the goblin!
Your Short Blades skill increases to level 1!
Your Long Blades skill increases to level 1!
Your Maces & Flails skill increases to level 1!
Your Polearms skill increases to level 1!
Your Staves skill increases to level 1!
Your Bows skill increases to level 1!
Your Crossbows skill increases to level 1!
Your Armour skill increases to level 1!
Your Shields skill increases to level 1!
Your Unarmed Combat skill increases to level 1!
Your Evocations skill increases to level 1!
You aren't carrying any items that you can evoke.
Casting: Call Canine Familiar (extremely dangerous; 38% risk of failure)
Confirm with . or Enter, or press ? or * to list all spells.
The spell is extremely dangerous to miscast (38% risk of failure)!
Continue anyway?
You feel a surge of power!
You miscast Call Canine Familiar.
You are very lightly contaminated with residual magic.
Distant voices call out in your mind.
A nameless horror comes into view. 😨 MP[-2]
You lost 2 mp, and now have 7/9 mp.
Casting: Call Canine Familiar (extremely dangerous; 38% risk of failure)
Confirm with . or Enter, or press ? or * to list all spells.
The spell is extremely dangerous to miscast (38% risk of failure)!
Continue anyway?
You feel a surge of power!
You miscast Call Canine Familiar.
Nothing appears to happen.
The goblin closely misses you. The nameless horror hits you!
* * * LOW HITPOINT WARNING * * *
You feel your power leaking away. 😱 HP[-9] MP[-5]
You take 9 damage, and now have 1/28 hp.
MASSIVE DAMAGE!! (PAUSE)
You lost 5 mp, and now have 2/9 mp.
Okay, then.
As you read the scroll of summoning, it crumbles to dust.
Wisps of shadow whirl around you... The hobgoblin hits your jackal.
The nameless horror closely misses you.
The nameless horror attacks as you move away!
The nameless horror completely misses you.
Your jackal bites the nameless horror but does no damage.
The goblin closely misses you.
Your jackal bites the nameless horror but does no damage.
The adder closely misses your ball python.
Things that are here:
a +0 club {mace}; a goblin corpse The nameless horror attacks as you move away!
The nameless horror hits you.
You die...

Skill      XL: |  1  2  3 |
---------------+----------+-----
Spellcasting   | 5 |  5.0
Invocations    | 1 |  1.0
Short Blades   | 1 |  1.0
Long Blades    | 1 |  1.0
Maces & Flails | 1 |  1.0
Polearms       | 1 |  1.0
Staves         | 1 |  1.0
Bows           | 1 |  1.0
Crossbows      | 1 |  1.0
Armour         | 1 |  1.0
Shields        | 1 |  1.0
Unarmed Combat | 1 |  1.0
Evocations     | 1 |  1.0
Fighting       | |  2.6
Axes           | |  4.6
Slings         | |  2.6
Throwing       | |  4.6
Dodging        | |  2.6
Stealth        | |  2.4
Conjurations   | |  0.7
Hexes          | |  0.7
Summonings     | |  0.7
Necromancy     | |  0.7
Translocations | |  0.7
Transmutations | |  0.7
Fire Magic     | |  0.7
Ice Magic      | |  0.7
Air Magic      | |  0.7
Earth Magic    | |  0.7
Poison Magic   | |  0.7

Action                   || total
-------------------------++-------
Melee: War axe           ||    60
       Bite              ||     5
       Punch             ||     2
Throw: Dart              ||    69
       Stone             ||    14
  Use: Potion            ||     4
       Scroll            ||     1
 Stab: Invisible         ||     2
       Sleeping          ||     2
Armor: Robe              ||    14
Dodge: Dodged            ||    56

Levels and vault maps discovered:
D:1:      dpeg_arrival_snail, layout_basic
D:2:      layout_loops_ring, nicolae_wormholes, uniq_robin

Notes
Turn   | Place    | Note
-------+----------+-------------------------------------------
     0 | D:1      | spaghetti the Gnoll Wanderer began the quest for the Orb.
     0 | D:1      | spaghetti set off with the following items: a +0 war axe
                  | {axe}, a +0 hunting sling {sling}, 8 poisoned darts
                  | {throwing}, a +0 dagger {short}, a scroll of summoning, a
                  | +0 robe
     0 | D:1      | Reached XP level 1. HP: 17/17 MP: 6/6
     0 | D:1      | magus.rc [v1.9.6]
   174 | D:1      | Reached XP level 2. HP: 23/23 MP: 7/7
   425 | D:1      | You pick up a book of the Hunter and begin reading...
   425 | D:1      | You add the spells Call Canine Familiar, Portal Projectile
                  | and Leda's Liquefaction to your library.
   600 | D:1      | Reached XP level 3. HP: 28/28 MP: 9/9
   604 | D:1      | Learned a level 3 spell: Call Canine Familiar
   651 | D:1      | Reached skill level 5 in Spellcasting
  1212 | D:2      | Reached skill level 1 in Invocations
  1387 | D:2      | HP: 5/28 [goblin/+0 dagger[Robin] (4)]
  1396 | D:2      | Reached skill level 1 in Short Blades
  1396 | D:2      | Reached skill level 1 in Long Blades
  1396 | D:2      | Reached skill level 1 in Maces & Flails
  1396 | D:2      | Reached skill level 1 in Polearms
  1396 | D:2      | Reached skill level 1 in Staves
  1396 | D:2      | Reached skill level 1 in Bows
  1396 | D:2      | Reached skill level 1 in Crossbows
  1396 | D:2      | Reached skill level 1 in Armour
  1396 | D:2      | Reached skill level 1 in Shields
  1396 | D:2      | Reached skill level 1 in Unarmed Combat
  1396 | D:2      | Reached skill level 1 in Evocations
  1396 | D:2      | Noticed a nameless horror
  1397 | D:2      | HP: 1/28 [nameless horror[miscasting Call Canine Familiar]
                  | (9)]
  1400 | D:2      | Slain by a nameless horror

Vanquished Creatures
  A worm (D:2)
  2 dart slugs (D:1)
  4 endoplasms
  A giant cockroach (D:1)
  11 goblins
  4 hobgoblins
  3 quokkas
  A ball python (D:2)
  7 bats
  2 frilled lizards
  A rat (D:2)
37 creatures vanquished.

Table legend:
 A = Non-vault XP
 B = Vault XP
 C = Vault XP percentage of total XP
 D = Non-vault monster count
 E = Vault monster count
 F = Vault count percentage of total count
                 A         B        C        D         E       F
            +---------+---------+-------+---------+---------+-------
      Total |      54 |      19 |  26.0 |      29 |       8 |  21.6
            +---------+---------+-------+---------+---------+-------
        D:1 |      38 |       0 |   0.0 |      19 |       0 |   0.0
        D:2 |      16 |      19 |  54.3 |      10 |       8 |  44.4
            +---------+---------+-------+---------+---------+-------

Illustrated notes

Table legend:
 A = Kills in this place as a percentage of kills in entire the game.
 B = Kills by you in this place as a percentage of kills by you in the entire game.
 C = Kills by friends in this place as a percentage of kills by friends in the entire game.
 D = Other kills in this place as a percentage of other kills in the entire game.
 E = Experience gained in this place as a percentage of experience gained in the entire game.
 F = Experience gained in this place divided by the number of levels of this place that you have seen.
                   A       B       C       D       E      F
               +-------+-------+-------+-------+-------+----------------------
         Total | 100.0 | 100.0 |   N/A |   N/A | 100.0 |  36.5
       Dungeon | 100.0 | 100.0 |   N/A |   N/A | 100.0 |  36.5
               +-------+-------+-------+-------+-------+----------------------

Table legend: (Time is in decaauts)
 A = Elapsed time spent in this place.
 B = Non-inter-level travel time spent in this place.
 C = Inter-level travel time spent in this place.
 D = Time resting spent in this place.
 E = Time spent auto-exploring this place.
 F = Levels seen in this place.
 G = Mean time per level.
                   A        B        C        D        E       F      G
               +--------+--------+--------+--------+--------+-----+--------+
         Total |   1398 |   1391 |      7 |     90 |   1069 |   2 |  699.0 |
       Dungeon |   1398 |   1391 |      7 |     90 |   1069 |   2 |  699.0 |
               +--------+--------+--------+--------+--------+-----+--------+

Top non-repeatable levels by time:
     D:1: 764 daAuts
     D:2: 634 daAuts
